 Dungeon Crawl Stone Soup version 0.29-a0-22-gbf593b16ee (webtiles) character file.

Game seed: 3789001242103998620

60856 HallandMoats the Grappler (level 14, -6/146 HPs)
             Began as a Troll Monk on Jan 30, 2022.
             Was the Champion of the Shining One.
             Mangled by a cane toad (18 damage)
             ... on level 5 of the Lair of Beasts.
             The game lasted 00:33:56 (18500 turns).

HallandMoats the Grappler (Troll Monk)             Turns: 18500, Time: 00:33:57

Health: -6/146     AC: 16    Str: 22    XL:     14   Next: 58%
Magic:  14/22      EV: 14    Int:  4    God:    the Shining One [******]
Gold:   1279       SH:  0    Dex: 16    Spells: 13/13 levels left

rFire   . . .      SeeInvis .     - Unarmed
rCold   . . .      Faith    .   (no shield)
rNeg    + + +      Spirit   .   d - +0 steam dragon scales
rPois   +          Reflect  .   S - +1 hat
rElec   .          Harm     .   E - +1 cloak
rCorr   .          Rampage  .   (gloves unavailable)
Will    +....                   (boots unavailable)
Stlth   +.........              (no amulet)
HPRegen 1.14/turn               w - ring of flight
MPRegen 0.18/turn               f - +4 ring of protection

@: flying, glowing
A: large, unfitting armour, claws 3, regeneration 1, shaggy fur 1, tough skin 1,
dopey 1, high MP 1, poison resistance
a: Renounce Religion, Divine Shield, Cleansing Flame, Summon Divine Warrior,
Brand Weapon With Holy Wrath


You were on level 5 of the Lair of Beasts.
You worshipped the Shining One.
The Shining One was exalted by your worship.
You visited 3 branches of the dungeon, and saw 21 of its levels.
You also visited: Ice Cave.

You collected 1279 gold pieces.

Inventory:

Hand Weapons
 K - the +5 falchion of Fylin {venom, rPois Str-3 SInv}
   (You found it on level 13 of the Dungeon)

   It poisons the flesh of those it strikes.
   Str:       It affects your strength (-3).
   rPois:     It protects you from poison.
   SInv:      It lets you see invisible.
 U - the +8 mace "Wun Wuafu" {flame, Dex+3}
   (You found it on level 5 of the Lair of Beasts)

   It burns those it strikes, dealing additional fire damage.
   Dex:       It affects your dexterity (+3).
Missiles
 v - a throwing net
 F - 8 large rocks (quivered)
Armour
 a - a +2 robe of cold resistance
 d - +0 steam dragon scales (worn)
 p - a +2 robe of positive energy
 z - a scarf of harm
 E - a +1 cloak (worn)
 L - a +2 tower shield of cold resistance
 R - a scarf of repulsion
 S - a +1 hat (worn)
Jewellery
 f - a +4 ring of protection (right claw)
 k - a ring of resist corrosion
 t - a +6 ring of strength
 w - a ring of flight (left claw)
 D - a +6 ring of dexterity
 I - a +6 ring of dexterity
Wands
 s - a wand of flame (20)
 y - a wand of paralysis (11)
 C - a wand of acid (12)
 M - a wand of iceblast (5)
 P - a wand of polymorph (4)
Scrolls
 c - 4 scrolls of magic mapping
 e - 12 scrolls of teleportation
 h - 3 scrolls of blinking
 n - 2 scrolls of brand weapon
 o - 2 scrolls of silence
 r - 3 scrolls of enchant weapon
 A - 3 scrolls of amnesia
 B - 3 scrolls of enchant armour
 G - 3 scrolls of fear
 J - a scroll of holy word
 N - 3 scrolls of fog
 O - a scroll of immolation
Potions
 b - a potion of lignification {unknown}
 g - 3 potions of might
 i - 3 potions of haste
 j - 2 potions of brilliance
 l - 6 potions of curing
 m - 2 potions of berserk rage
 q - 2 potions of heal wounds
 u - 2 potions of magic
 x - a potion of degeneration {unknown}
 T - a potion of mutation


   Skills:
 * Level 11.2 Fighting
 * Level 8.0 Throwing
 + Level 7.7 Armour
 + Level 8.2 Dodging
 - Level 1.0 Stealth
 * Level 4.9 Shields
 + Level 12.5 Unarmed Combat
 * Level 9.3 Invocations


You had 13 spell levels left.
You didn't know any spells.
Your spell library contained the following spells:

 Spells                   Type           Power      Damage    Failure   Level
 Animate Skeleton         Necr           0%         N/A       50%         1
 Apportation              Tloc           0%         N/A       50%         1
 Freeze                   Ice            0%         1d3       50%         1
 Pain                     Necr           0%         1d4       50%         1
 Sting                    Tmut/Pois      0%         1d3       50%         1
 Summon Small Mammal      Summ           0%         N/A       50%         1
 Blink                    Tloc           0%         N/A       65%         2
 Ensorcelled Hibernation  Hex/Ice        0%         N/A       65%         2
 Poisonous Vapours        Pois/Air       0%         N/A       65%         2
 Frozen Ramparts          Ice            0%         1d2       86%         3
 Ignite Poison            Fire/Tmut/Pois 0%         N/A       86%         3
 Mephitic Cloud           Conj/Pois/Air  0%         N/A       86%         3
 Spider Form              Tmut/Pois      0%         N/A       86%         3
 Vampiric Draining        Necr           0%         2d6       86%         3
 Anguish                  Hex/Necr       0%         N/A       99%         4
 Hailstorm                Conj/Ice       0%         3d3       99%         4
 Olgreb's Toxic Radiance  Pois           0%         N/A       99%         4
 Agony                    Necr           0%         N/A       100%        5
 Excruciating Wounds      Necr           0%         N/A       100%        5
 Freezing Cloud           Conj/Ice/Air   0%         6-21      100%        5
 Manifold Assault         Tloc           0%         N/A       100%        5
 Dispersal                Tloc           0%         N/A       100%        6
 Storm Form               Tmut/Air       0%         N/A       100%        7
 Disjunction              Tloc           0%         N/A       100%        8


Dungeon Overview and Level Annotations

Branches:
Dungeon (14/15)            Temple (1/1) D:4            Lair (6/6) D:9
 Shoals (0/4) Lair:4        Snake (0/4) Lair:3          Orc (0/2) D:9
  IceCv (visited)
  Slime: Lair:5-6    Vaults: D:13-14

Altars:
Ashenzari
Cheibriados
Dithmenos
Elyvilon
Fedhas
Gozag
Hepliaklqana
Kikubaaqudgha
Makhleb
Nemelex Xobeh
Okawaru
Qazlal
Ru
Sif Muna
Trog
Uskayaw
Vehumet
Wu Jian
Xom
Yredelemnul
Zin
The Shining One

Shops:
D:8 [   D:13 *


Innate Abilities, Weirdness & Mutations

You are too large for most types of armour.
You have claws for hands.
Your natural rate of healing is unusually fast.
You are covered in fur. (AC +1)
You have tough skin. (AC +1)
You are dopey. (Int -2)
You have an increased reservoir of magic. (+10% MP)
Your system is resistant to poisons. (rPois)


Message History

The cane toad stings you but does no damage.
The cane toad barely misses you. The cane toad barely misses you.
The cane toad misses you.
You mangle the cane toad!!
The cane toad is heavily wounded.
The cane toad stings you!
The blink frog blinks!
You scratch the cane toad but do no damage.
The cane toad is heavily wounded.
The cane toad closely misses you. x2
The bullfrog hits you but does no damage.
You claw the bullfrog!
The bullfrog is moderately wounded.
The cane toad stings you but does no damage. x2
The bullfrog misses you.
You claw the bullfrog!
The bullfrog is severely wounded.
The bullfrog hits you but does no damage.
The cane toad stings you! x2
* * * LOW HITPOINT WARNING * * *
You claw the bullfrog!
You kill the bullfrog!
The cane toad misses you. The cane toad stings you!
* * * LOW HITPOINT WARNING * * *
The blink frog blinks!
You scratch the cane toad but do no damage.
The cane toad is heavily wounded.
The cane toad stings you!
* * * LOW HITPOINT WARNING * * *
The cane toad stings you.
* * * LOW HITPOINT WARNING * * *
The cane toad barely misses you. The cane toad stings you.
* * * LOW HITPOINT WARNING * * *
The cane toad misses you. The cane toad stings you!
* * * LOW HITPOINT WARNING * * *
You are momentarily dazzled by a brilliant light.
The cane toad stings you!!
You die...

#.#..#......##...##...
##.....###..#....#....
#....## #..##....#...
##.....####..#....###^
#................P.##.
#.#...................
###...........(.......
##....A..............
##...@..........÷.....
#P..FF................
##....................
#....................
##.....#####...#####.
##.....#...##.##...#.
#......#..≈≈#'#≈≈..#.
##.....#.≈..≈.≈..≈.#.
#.....##≈.......≈##.


You could see 2 cane toads and a friendly daeva (summoned).

Vanquished Creatures
  Gastronok (Lair:3)
  2 boulder beetles
  2 hydras
  A two-headed ogre (D:12)
  6 death yaks (Lair:5)
  Pikel (D:8)
  An ugly thing (D:13)
  3 cyclopes
  3 manticores
  4 oklob plants (Lair:4)
  An ice statue (IceCv)
  2 elephants (Lair:4)
  A gargoyle (D:11)
  3 black mambas
  2 merfolk sirens (Lair:4)
  11 cane toads
  2 rime drakes
  7 komodo dragons
  A troll (D:10)
  A hornet (D:10)
  A tyrant leech (Lair:5)
  2 merfolk (Lair:4)
  16 blink frogs
  Prince Ribbit (Lair:3)
  3 dream sheep (Lair:5)
  A shadow (D:11)
  Sigmund (D:2)
  A dire elephant simulacrum (IceCv)
  5 wyverns
  37 yaks
  A vampire (D:11)
  3 spriggans (Lair:3)
  3 fire bats (Lair:1)
  4 wraiths
  4 basilisks
  A fire elemental (Lair:1)
  Grum (D:5)
  3 steam dragons (D:8)
  14 vampire mosquitoes
  5 nagas (Lair:3)
  17 water moccasins
  An acid dragon (D:9)
  7 orc warriors (D:9)
  3 black bears
  An ice beast (D:5)
  A sky beast (D:6)
  A necrophage (D:7)
  4 ogres
  11 wolves
  2 centaurs
  A phantom (D:9)
  5 kobold brigands
  Blork the orc (D:4)
  A wyvern zombie (D:8)
  11 bullfrogs
  3 gnoll sergeants (D:5)
  4 scorpions
  A wyvern skeleton (D:5)
  A water moccasin zombie (D:7)
  16 killer bees
  9 wights (D:8)
  An electric eel (Lair:3)
  2 howler monkeys
  A bullfrog zombie (D:7)
  2 centaur zombies
  2 gnoll shamans (D:5)
  5 orc priests
  A bullfrog skeleton (D:7)
  10 hounds
  2 jellies
  A centaur skeleton (D:6)
  2 iguanas
  8 orc wizards
  A scorpion zombie (D:5)
  7 hell rats (Lair:2)
  A troll simulacrum (IceCv)
  A wolf simulacrum (IceCv)
  2 killer bee zombies
  3 howler monkey zombies
  30 gnolls
  2 naga simulacra (IceCv)
  12 river rats (Lair:2)
  6 adders
  3 shadow imps
  16 white imps
  2 ufetubi (IceCv)
  3 worms
  6 dart slugs
  28 orcs
  6 ball pythons
  2 bats
  4 endoplasms
  A giant cockroach (D:4)
  A goblin (D:2)
  4 hobgoblins
  10 jackals (D:5)
  13 quokkas
  A frilled lizard (D:1)
  24 kobolds
  12 rats
  A plant (Lair:3)
502 creatures vanquished.

Vanquished Creatures (collateral kills)
  Kirke (Lair:5)
  A reaper (IceCv)
  A boulder beetle (Lair:4)
  A hydra (D:11)
  3 catoblepae
  4 skeletal warriors (D:13)
  A manticore (Lair:5)
  An elephant (Lair:4)
  A black mamba (Lair:5)
  An ice statue (IceCv)
  3 cane toads
  A komodo dragon (Lair:4)
  A freezing wraith (IceCv)
  5 ice devils (IceCv)
  A polar bear (Lair:4)
  A troll (D:9)
  3 blink frogs
  A dream sheep (Lair:5)
  2 dire elephant simulacra (IceCv)
  2 fire bats (Lair:4)
  A death yak simulacrum (IceCv)
  9 yaks
  A water moccasin (Lair:4)
  2 orc warriors (D:9)
  An ogre (D:9)
  A kobold brigand (D:9)
  A gnoll sergeant (D:9)
  2 elephant simulacra (IceCv)
  An orc priest (D:9)
  A troll simulacrum (IceCv)
  A wolf simulacrum (IceCv)
  A white imp (IceCv)
  An ufetubus (IceCv)
  2 orcs (D:9)
60 creatures vanquished.

Vanquished Creatures (others)
  3 humans (Lair:5)
  35 fungi
  91 plants
129 creatures vanquished.

Grand Total: 691 creatures vanquished

Notes
Turn   | Place    | Note
-------+----------+-------------------------------------------
     0 | D:1      | HallandMoats the Troll Monk began the quest for the Orb.
     0 | D:1      | Reached XP level 1. HP: 22/22 MP: 0/0
   371 | D:1      | Reached XP level 2. HP: 29/29 MP: 1/1
   820 | D:2      | Identified the +3 leather armour of Serendipity {+Blink
                  | rElec rF-}
  1003 | D:2      | Noticed Sigmund
  1014 | D:2      | Killed Sigmund
  1015 | D:2      | Reached skill level 1 in Armour
  1015 | D:2      | Reached skill level 4 in Unarmed Combat
  1015 | D:2      | Reached skill level 1 in Invocations
  1015 | D:2      | Reached XP level 3. HP: 37/37 MP: 1/3
  1015 | D:2      | Reached XP level 4. HP: 45/45 MP: 1/4
  1015 | D:2      | Reached XP level 5. HP: 53/53 MP: 1/5
  1487 | D:3      | Found a hazy altar of Hepliaklqana.
  1861 | D:3      | Reached XP level 6. HP: 62/62 MP: 6/6
  2560 | D:4      | Found a staircase to the Ecumenical Temple.
  2569 | Temple   | Entered the Ecumenical Temple
  2700 | Temple   | Became a worshipper of the Shining One
  2700 | Temple   | Reached * piety under the Shining One
  2700 | Temple   | Reached ** piety under the Shining One
  2763 | D:4      | Noticed Blork the orc
  2782 | D:4      | Reached XP level 7. HP: 70/70 MP: 7/7
  2788 | D:4      | Reached skill level 5 in Unarmed Combat
  2791 | D:4      | Killed Blork the orc
  3233 | D:5      | Entered Level 5 of the Dungeon
  3370 | D:5      | Reached XP level 8. HP: 75/79 MP: 9/9
  3405 | D:5      | Reached skill level 5 in Fighting
  3405 | D:5      | Reached skill level 6 in Unarmed Combat
  3757 | D:5      | Noticed Grum
  3766 | D:5      | Gained mutation: You tend to lose your temper in combat.
                  | [potion of mutation]
  3766 | D:5      | Gained mutation: You are robust. (+10% HP) [potion of
                  | mutation]
  3766 | D:5      | Gained mutation: You have an increased reservoir of magic.
                  | (+10% MP) [potion of mutation]
  3975 | D:5      | Reached XP level 9. HP: 27/97 MP: 12/12
  4127 | D:5      | Reached skill level 7 in Unarmed Combat
  4138 | D:5      | Reached *** piety under the Shining One
  4326 | D:5      | Killed Grum
  4505 | D:6      | Found a broken altar of Ashenzari.
  4723 | D:6      | Found a snail-covered altar of Cheibriados.
  5558 | D:7      | Lost mutation: You are robust. (+10% HP) [potion of
                  | mutation]
  5558 | D:7      | Lost mutation: You tend to lose your temper in combat.
                  | [potion of mutation]
  5558 | D:7      | Gained mutation: You tend to lose your temper in combat.
                  | [potion of mutation]
  5558 | D:7      | Gained mutation: You sometimes lose the ability to read
                  | scrolls when taking damage. [potion of mutation]
  5559 | D:7      | Lost mutation: You sometimes lose the ability to read
                  | scrolls when taking damage. [potion of mutation]
  5559 | D:7      | Lost mutation: You have an increased reservoir of magic.
                  | (+10% MP) [potion of mutation]
  5559 | D:7      | Lost mutation: You tend to lose your temper in combat.
                  | [potion of mutation]
  5559 | D:7      | Gained mutation: Your spells are a little harder to cast,
                  | but a little more powerful. [potion of mutation]
  5559 | D:7      | Gained mutation: You have an increased reservoir of magic.
                  | (+10% MP) [potion of mutation]
  5559 | D:7      | Gained mutation: You occasionally shout uncontrollably at
                  | your foes. [potion of mutation]
  5560 | D:7      | Lost mutation: Your spells are a little harder to cast, but
                  | a little more powerful. [potion of mutation]
  5560 | D:7      | Lost mutation: You occasionally shout uncontrollably at
                  | your foes. [potion of mutation]
  5560 | D:7      | Gained mutation: You are dopey. (Int -2) [potion of
                  | mutation]
  5560 | D:7      | Gained mutation: Your system is resistant to poisons.
                  | (rPois) [potion of mutation]
  5587 | D:7      | Found a stormy altar of Qazlal.
  5806 | D:7      | Found a shadowy altar of Dithmenos.
  5820 | D:7      | Reached skill level 5 in Dodging
  5820 | D:7      | Reached skill level 8 in Unarmed Combat
  6459 | D:8      | Reached XP level 10. HP: 55/102 MP: 13/13
  6537 | D:8      | Found a sparkling altar of Nemelex Xobeh.
  6574 | D:8      | Found Mir Focy's Armour Shop.
  6579 | D:8      | Reached **** piety under the Shining One
  6697 | D:8      | Noticed Pikel
  6711 | D:8      | Killed Pikel
  6712 | D:8      | Reached skill level 5 in Invocations
  7113 | D:9      | Found a staircase to the Lair.
  7222 | D:8      | Reached skill level 9 in Unarmed Combat
  7370 | D:9      | Reached skill level 5 in Armour
  7581 | D:9      | Found a burning altar of Makhleb.
  7703 | D:9      | Found an iron altar of Okawaru.
  7823 | D:9      | Found a staircase to the Orcish Mines.
  7823 | D:9      | Reached ***** piety under the Shining One
  7866 | D:9      | HP: 2/104 [orc warrior (14)]
  7867 | D:9      | The Shining One protects you from harm!
  7888 | D:9      | Reached XP level 11. HP: 23/111 MP: 9/15
  8296 | D:10     | Entered Level 10 of the Dungeon
  8477 | D:10     | Reached skill level 10 in Unarmed Combat
  8777 | D:10     | Found a basalt altar of Yredelemnul.
  8785 | D:10     | Found a sacrificial altar of Ru.
  8786 | D:10     | Found an opulent altar of Gozag.
  8790 | D:10     | Found a glowing silver altar of Zin.
  8944 | D:11     | Noticed a seven-headed hydra
  8950 | D:11     | Killed a seven-headed hydra
  8992 | D:11     | Reached skill level 1 in Throwing
  9736 | D:12     | Found a frozen archway.
  9815 | IceCv    | Entered an ice cave
  9885 | IceCv    | HP: 1/113 [ice statue/bolt of cold (32)]
 10125 | IceCv    | Reached XP level 12. HP: 123/123 MP: 17/17
 10130 | IceCv    | Noticed a reaper
 10134 | IceCv    | HP: 2/123 [reaper (15)]
 10135 | IceCv    | Killed a reaper
 10136 | IceCv    | Reached skill level 11 in Unarmed Combat
 10138 | IceCv    | Reached ****** piety under the Shining One
 10420 | D:12     | Found a sparkling altar of Nemelex Xobeh.
 10770 | D:12     | Noticed a boulder beetle
 10781 | D:12     | Killed a boulder beetle
 10815 | D:12     | Noticed a two-headed ogre
 10827 | D:12     | Killed a two-headed ogre
 11137 | D:13     | Noticed a boulder beetle
 11155 | D:13     | Killed a boulder beetle
 11248 | D:13     | The Shining One protects you from harm!
 11270 | D:13     | Reached skill level 5 in Throwing
 11365 | D:13     | Found Byosunum's Demolitions Depot.
 11701 | D:13     | Found a bloodstained altar of Trog.
 11728 | D:13     | Identified the +5 falchion of Fylin {venom, rPois Str-3
                  | SInv}
 11864 | D:14     | Noticed a death knight
 12330 | Lair:1   | Entered Level 1 of the Lair of Beasts
 12377 | Lair:1   | Reached skill level 10 in Fighting
 12727 | Lair:1   | Reached XP level 13. HP: 119/133 MP: 19/19
 12834 | Lair:1   | Reached skill level 1 in Shields
 13117 | Lair:1   | Reached skill level 12 in Unarmed Combat
 14761 | Lair:3   | Found a shimmering altar of Xom.
 14850 | Lair:3   | Noticed Prince Ribbit
 14877 | Lair:3   | Killed Prince Ribbit
 14980 | Lair:3   | Noticed Gastronok
 14990 | Lair:3   | Killed Gastronok
 15180 | Lair:3   | Found a staircase to the Snake Pit.
 16410 | Lair:4   | Reached XP level 14. HP: 136/144 MP: 21/21
 16411 | Lair:4   | Found a staircase to the Shoals.
 17747 | Lair:5   | Identified the +8 mace "Wun Wuafu" {flame, Dex+3}
 17861 | Lair:5   | Noticed Kirke
 17871 | Lair:5   | Killed Kirke
 18120 | Lair:6   | Entered Level 6 of the Lair of Beasts
 18363 | Lair:5   | HP: 6/146 [vampire mosquito (9)]
 18500 | Lair:5   | Mangled by a cane toad

Illustrated notes

Levels and vault maps discovered:
D:1:      minmay_arrival_four_houses, layout_loops_cross
D:2:      kennysheep_big_flooded_room, layout_basic, kennysheep_potato,
          uniq_sigmund
D:3:      layout_loops_corners, mainiacjoe_overflow_small_starburst
D:4:      layout_basic, minmay_temple_entry_ruins, uniq_blork_the_orc
D:5:      layout_cave_pools, serial_gnoll_camp, gnoll_camp_huts_basic,
          gnoll_camp_medium_02, gnoll_camp_mini_doghouse, grums_kennel,
          grunt_ministairs_4
D:6:      layout_loops_ring, mainiacjoe_overflow_24_doors, ashenzari_altar_1,
          serial_co_window_serial, co_window_corner_a, co_window_paths_a,
          co_window_cross_1, co_window_corner_a, co_window_paths_a,
          co_window_corner_a, co_window_paths_a, co_window_unsneaky_path_b,
          co_window_2corner, co_window_corner_b, co_window_4corner_a
D:7:      layout_basic, grunt_qazlal_sundering, overflow_temple_1_default
D:8:      layout_loops_ring, nicolae_overflow_crystal_walls, serial_shops,
          shop_fountains, uniq_grum, uniq_pikel
D:9:      layout_irregular_city, mainiacjoe_overflow_surrounded_room,
          bloody_makhleb, due_lair_maze_entry_diamond,
          kennysheep_orc_monster_closet_entryway, minivault_16
D:10:     layout_rooms, minitemple
D:11:     layout_basic
D:12:     layout_roguey, portal_ice_cave_entry_imps, nemelex_altar_shiori
D:13:     layout_big_octagon, nicolae_blasting_shop, tgw_trog
D:14:     layout_rooms, david_vaults_1
Temple:   compressed_dpeg_circular_temple
Lair:1:   layout_gridlike
Lair:2:   lemuel_ratsnest, layout_layer_cave, serial_bayou_shore_b,
          serial_bayou_shore_a, infiniplex_staircase_pool
Lair:3:   layout_gridlike, minmay_snake_entry_guardpost_medium, basic_altar,
          wad_woods_02, uniq_gastronok, uniq_prince_ribbit2
Lair:4:   minmay_lair_oklob_tunnel, layout_gridlike, elwin_shoals_entry_stream,
          grunt_megastairs_2, serial_bayou_shore_b
Lair:5:   nzn_motion_control, layout_regular_city,
          chequers_serial_rivers_small_3, chequers_serial_rivers_marsh,
          uniq_kirke
Lair:6:   minmay_lair_end_frog_pond, layout_regular_city, slime_altar_1,
          grunt_forest_stairs_basic

Skill      XL: |  1  2  3  4  5  6  7  8  9 10 11 12 13 14 |
---------------+-------------------------------------------+-----
Fighting       | 3 4 5 7 8 9 10 11 | 11.2
Armour         | 1 2 3 4 5 6 7 |  7.7
Unarmed Combat | 4 5 6 8 9 10 11 12 | 12.5
Invocations    | 1 2 3 4 5 6 7 8 9 |  9.3
Dodging        | 3 4 5 6 7 8 |  8.2
Throwing       | 3 5 7 8 |  8.0
Shields        | 3 4 |  4.9
Stealth        | |  1.0

Action                   |  1- 3 |  4- 6 |  7- 9 | 10-12 | 13-15 || total
-------------------------+-------+-------+-------+-------+-------++-------
Melee: Unarmed           |    63 |   125 |   316 |   544 |   542 ||  1590
       Punch             |     3 |     4 |    24 |    35 |    57 ||   123
Throw: Large rock        |       |       |       |     7 |     8 ||    15
       Throwing net      |       |       |       |     2 |       ||     2
Invok: Divine Shield     |       |       |     1 |       |       ||     1
       Summon Divine War |       |       |       |     4 |     7 ||    11
  Use: Scroll            |       |       |     6 |    13 |     5 ||    24
       Potion            |       |       |     5 |     3 |     2 ||    10
 Stab: Sleeping          |       |     4 |       |       |       ||     4
Armor: Robe              |    17 |    31 |    98 |       |       ||   146
       Steam dragon scal |       |       |       |   207 |   190 ||   397
Dodge: Dodged            |    29 |    68 |   223 |   418 |   349 ||  1087

Table legend: (Time is in decaauts)
 A = Elapsed time spent in this place.
 B = Non-inter-level travel time spent in this place.
 C = Inter-level travel time spent in this place.
 D = Time resting spent in this place.
 E = Time spent auto-exploring this place.
 F = Levels seen in this place.
 G = Mean time per level.
                   A        B        C        D        E       F      G
               +--------+--------+--------+--------+--------+-----+--------+
         Total |  18287 |  17277 |   1010 |   1190 |  12244 |  22 |  831.2 |
       Dungeon |  11497 |  10685 |    812 |    746 |   7698 |  14 |  821.2 |
        Temple |    156 |    156 |      0 |      0 |     75 |   1 |  156.0 |
          Lair |   6086 |   5888 |    198 |    286 |   4303 |   6 | 1014.3 |
      Ice Cave |    546 |    546 |      0 |    158 |    168 |   1 |  546.0 |
               +--------+--------+--------+--------+--------+-----+--------+

Top non-repeatable levels by time:
  Lair:2: 1382 daAuts
  Lair:5: 1342 daAuts
  Lair:4: 1336 daAuts
     D:5: 1145 daAuts
     D:8: 1125 daAuts
     D:9: 1118 daAuts
     D:6: 1030 daAuts
  Lair:3: 991 daAuts
  Lair:1: 987 daAuts
     D:2: 955 daAuts
     D:4: 931 daAuts
    D:12: 859 daAuts
     D:7: 856 daAuts
     D:3: 811 daAuts
    D:11: 795 daAuts
